[Event "Team 45 45 League T43"]
[Site "Internet Chess Club"]
[Date "2009.11.12"]
[Round "3"]
[White "Zappy"]
[Black "EyeAm"]
[Result "0-1"]
[WhiteElo "1477"]
[BlackElo "1609"]
[Opening "Petrov's defense"]
[ECO "C42"]
[Time "18:00:19"]
[TimeControl "2700+45"]

1. e4 e5 2. Nf3 Nf6 3. Nxe5 d6 4. Nf3 Nxe4 5. Bc4 d5 6. Qe2 Be7 7. Bb3 O-O 8.
Nc3 Nf6 9. O-O Nc6 10. d3 Bg4 11. Re1 Re8 12. Be3 Bc5 13. Qd2 Bxf3 14. gxf3 d4
15. Bf4 dxc3 16. Qxc3 Rxe1+ 17. Qxe1 Nd4 18. Kg2 Qd7 19. Be3 Qf5 20. Bxd4 Bxd4
21. c3 Re8 22. Qd2 Be5 23. Re1 Qg6+ 24. Kh1 Qh5 25. f4 Qf3+ 26. Kg1 Qg4+ 27. Kf1
Bxf4 28. Rxe8+ Nxe8 29. Qe1 Nd6 30. c4 Qh3+ 31. Ke2 Nf5 32. Bc2 Nd4+ 33. Kd1
Qf3+ 34. Qe2 Qxe2# {White checkmated} 0-1

[Event "Team 45 45 League T43"]
[Site "Internet Chess Club"]
[Date "2009.11.14"]
[Round "3"]
[White "stputte"]
[Black "imawesome"]
[Result "1-0"]
[WhiteElo "1490"]
[BlackElo "1553"]
[Opening "Sicilian: closed"]
[ECO "B23"]
[Time "18:01:14"]
[TimeControl "2700+45"]

1. e4 c5 2. Nc3 g6 3. f4 Bg7 4. Nf3 Nc6 5. Bc4 Nf6 6. e5 Ng4 7. Bxf7+ Kxf7 8.
Ng5+ Ke8 9. Qxg4 d6 10. e6 Nd4 11. Kd1 Nxe6 12. Nxe6 Bxc3 13. dxc3 Rg8 14. Re1
d5 15. f5 h5 16. Qg5 Kf7 17. Nxd8+ {Black resigns} 1-0

[Event "Team 45 45 League T43"]
[Site "Internet Chess Club"]
[Date "2009.11.14"]
[Round "3"]
[White "nardz"]
[Black "charles-allen"]
[Result "1/2-1/2"]
[WhiteElo "2064"]
[BlackElo "1867"]
[Opening "QGD semi-Slav"]
[ECO "D43"]
[Time "21:01:11"]
[TimeControl "2700+45"]

1. d4 d5 2. c4 c6 3. Nf3 Nf6 4. Nc3 e6 5. cxd5 exd5 6. Bg5 Be7 7. Qc2 g6 8. e3
Bf5 9. Bd3 Bxd3 10. Qxd3 Nbd7 11. O-O O-O 12. Rab1 Re8 13. b4 a6 14. a4 Ne4 15.
Bxe7 Qxe7 16. Rb3 Nb6 17. a5 Nc4 18. Na4 Rad8 19. Ra1 Rd6 20. Nc5 f5 21. Qc2 Rf6
22. g3 Qg7 23. Nd3 g5 24. Nfe5 Ned2 25. Rc3 Ne4 26. Rb3 Ned2 {Game drawn by
mutual agreement} 1/2-1/2

[Event "Team 45 45 League T43"]
[Site "Internet Chess Club"]
[Date "2009.11.15"]
[Round "3"]
[White "Marichan"]
[Black "QueensCounselor"]
[Result "1/2-1/2"]
[WhiteElo "1924"]
[BlackElo "2048"]
[Opening "Sicilian: dragon, Yugoslav attack, 10.O-O-O"]
[ECO "B78"]
[Time "13:00:16"]
[TimeControl "2700+45"]

1. e4 c5 2. Nf3 d6 3. d4 cxd4 4. Nxd4 Nf6 5. Nc3 g6 6. f3 Bg7 7. Be3 O-O 8. Qd2
Nc6 9. Bc4 Bd7 10. O-O-O Rc8 11. Be2 Ne5 12. h4 Nc4 13. Bxc4 Rxc4 14. Nde2 b5
15. Bh6 b4 16. Nd5 Bxh6 17. Qxh6 Nxd5 18. Rxd5 Qc7 19. c3 bxc3 20. Nxc3 Rxc3+
21. bxc3 Qxc3+ 22. Kd1 Qa1+ 23. Qc1 Qxa2 24. Qd2 Qb1+ 25. Qc1 Qb3+ 26. Ke2 Rc8
27. Qd1 Rc2+ 28. Rd2 Qc4+ 29. Kf2 Qc5+ 30. Kg3 Qe5+ 31. Kf2 Qc5+ 32. Kg3 Qe5+
33. Kf2 Qd4+ 34. Ke1 Qe3+ 35. Re2 Qc3+ 36. Kf2 Qc5+ 37. Kg3 Qe5+ {Game drawn by
mutual agreement} 1/2-1/2

[Event "Team 45 45 League T43"]
[Site "Internet Chess Club"]
[Date "2009.11.14"]
[Round "3"]
[White "LoseOften"]
[Black "Constrictor"]
[Result "0-1"]
[WhiteElo "1819"]
[BlackElo "1851"]
[Opening "Alekhine's defense: four pawns attack, Trifunovic variation"]
[ECO "B03"]
[Time "14:00:54"]
[TimeControl "2700+45"]

1. e4 Nf6 2. e5 Nd5 3. d4 d6 4. c4 Nb6 5. f4 Bf5 6. Be3 e6 7. Nc3 dxe5 8. fxe5
Bb4 9. Nf3 c5 10. dxc5 Qxd1+ 11. Kxd1 Bxc3 12. bxc3 Na4 13. Bd4 Na6 14. Nh4 Be4
15. Kd2 O-O-O 16. Bd3 N6xc5 17. Bxe4 Nxe4+ 18. Ke3 Nexc3 19. Bxc3 Nxc3 20. a4
Rd7 21. Rhc1 Nxa4 22. Rxa4 a6 23. Nf3 Rhd8 24. Ra3 h6 25. c5 Kc7 26. c6 Rd5 27.
cxb7+ Kxb7 28. Rb1+ Rb5 29. Rxb5+ axb5 30. Rd3 Rxd3+ 31. Kxd3 Kb6 32. Kc3 Kc5
33. Kb3 f6 34. exf6 gxf6 35. h4 e5 36. g4 e4 37. Nd2 Kd5 38. Kb4 Ke5 39. Kxb5
Kf4 40. g5 fxg5 41. hxg5 hxg5 42. Kc4 e3 43. Nb3 e2 44. Nc1 Ke3 45. Nd3 g4 46.
Ne1 Kd2 47. Ng2 e1=Q {White resigns} 0-1

[Event "Team 45 45 League T43"]
[Site "Internet Chess Club"]
[Date "2009.11.12"]
[Round "3"]
[White "viking99"]
[Black "rubo"]
[Result "0-1"]
[WhiteElo "1827"]
[BlackElo "1756"]
[Opening "Caro-Kann: advance variation"]
[ECO "B12"]
[Time "20:02:52"]
[TimeControl "2700+45"]

1. e4 c6 2. d4 d5 3. e5 Bf5 4. Nc3 e6 5. g4 Bg6 6. Nge2 Bb4 7. h4 Be4 8. Rh3 h5
9. Ng3 hxg4 10. Qxg4 Ne7 11. Nxe4 dxe4 12. Bg5 Qxd4 13. Rd1 Qxe5 14. Bxe7 Kxe7
15. Bg2 f5 16. Qg5+ Qf6 17. Qg3 Na6 18. a3 Bxc3+ 19. bxc3 Rad8 20. h5 Rd5 21.
Qe3 b6 22. Bf1 Nc7 23. Bc4 Rxd1+ 24. Kxd1 Nd5 25. Qd2 Rd8 26. Kc1 Qh6 27. Qxh6
gxh6 28. Rg3 Nf4 29. Rg7+ Kd6 30. Rxa7 Rd7 31. Ra8 Rg7 32. Rh8 Rg5 33. Rxh6 Rxh5
34. Rxh5 Nxh5 35. Kd2 f4 36. a4 Nf6 37. Bf1 Ng4 38. Ke2 f3+ 39. Ke1 Ke5 40. Bh3
Kf4 41. c4 c5 42. c3 e5 43. Kf1 e3 44. fxe3+ Nxe3+ 45. Kf2 Nd1+ 46. Ke1 Nxc3 47.
Bd7 e4 48. Bc6 e3 49. Kf1 Kg3 50. Ke1 f2+ 51. Kf1 e2# {White checkmated} 0-1

[Event "Team 45 45 League T43"]
[Site "Internet Chess Club"]
[Date "2009.11.12"]
[Round "3"]
[White "Zumbi"]
[Black "Freitac"]
[Result "0-1"]
[WhiteElo "2019"]
[BlackElo "1983"]
[Opening "Caro-Kann: advance variation"]
[ECO "B12"]
[Time "18:27:49"]
[TimeControl "2700+45"]

1. e4 c6 2. d4 d5 3. e5 c5 4. dxc5 Nc6 5. Bb5 e6 6. Be3 Ne7 7. c3 Bd7 8. Bxc6
Nxc6 9. f4 g5 10. fxg5 Nxe5 11. Nf3 Nxf3+ 12. Qxf3 Qc7 13. b4 Bg7 14. O-O O-O
15. a4 a6 16. Ra2 Bc6 17. Qh5 e5 18. Rf3 Bd7 19. Raf2 Be6 20. Nd2 Qd7 21. Rg3
Bf5 22. Qd1 Rad8 23. b5 axb5 24. axb5 Be6 25. Qb1 Ra8 26. Rf6 Ra5 27. c6 bxc6
28. bxc6 Qxc6 29. Rh6 e4 30. Bd4 Rfa8 31. Nb3 Rb5 32. Qd1 Qc4 33. Bxg7 Kxg7 34.
Qh5 Ra1+ 35. Nxa1 Rb1+ 36. Kf2 Rf1+ 37. Ke3 Qd3# {White checkmated} 0-1

[Event "Team 45 45 League T43"]
[Site "Internet Chess Club"]
[Date "2009.11.13"]
[Round "3"]
[White "Nosferatu1"]
[Black "Ptzz"]
[Result "1/2-1/2"]
[WhiteElo "1826"]
[BlackElo "2024"]
[Opening "QGD Slav defense: exchange variation"]
[ECO "D10"]
[Time "14:06:38"]
[TimeControl "2700+45"]

1. d4 d5 2. c4 c6 3. cxd5 cxd5 4. Nc3 e5 5. Nf3 e4 6. Ne5 f6 7. Qa4+ Nd7 8. Nxd7
Bxd7 9. Qb3 Bc6 10. Bf4 f5 11. e3 a6 12. a3 Nf6 13. Rc1 Bd6 14. Bxd6 Qxd6 15. g3
O-O 16. Bg2 Kh8 17. O-O g5 18. Ne2 Nh5 19. f4 Bb5 20. Rf2 h6 21. Nc3 Bc6 22. Ne2
Nf6 23. h3 Nh5 24. Kh2 Rac8 25. Qb6 Qd7 26. Qb4 Bb5 27. Rxc8 Rxc8 28. Nc3 gxf4
29. gxf4 Bc6 30. Bf1 Rg8 31. Rg2 Rxg2+ 32. Bxg2 Qg7 33. Ne2 Bb5 34. Qe1 Bxe2 35.
Qxe2 Qg3+ 36. Kg1 Nf6 37. Qf2 Qxf2+ 38. Kxf2 Kg7 39. Bf1 Kf7 40. Be2 Ke7 41. Kg3
Kd6 42. Kh4 Ke6 {Game drawn by mutual agreement} 1/2-1/2

[Event "Team 45 45 League T43"]
[Site "Internet Chess Club"]
[Date "2009.11.17"]
[Round "3"]
[White "pishd"]
[Black "BRAINWAVE"]
[Result "0-1"]
[WhiteElo "1680"]
[BlackElo "1780"]
[Opening "Dutch"]
[ECO "A80"]
[Time "13:14:25"]
[TimeControl "2700+45"]

1. d4 f5 2. Nf3 Nf6 3. Bf4 e6 4. e3 d5 5. c4 c6 6. Nc3 Bd6 7. Bd3 O-O 8. O-O Ne4
9. Qc2 Qe7 10. Rfe1 b6 11. a3 Ba6 12. Bxd6 Qxd6 13. b4 c5 14. b5 Bb7 15. Bxe4
fxe4 16. dxc5 bxc5 17. Nd2 Nd7 18. Red1 Qe7 19. a4 Rf5 20. Rf1 Raf8 21. Nd1 Ne5
22. Re1 Qf6 23. Re2 Nf3+ 24. Nxf3 Qxa1 25. Nd2 d4 26. exd4 Qxd4 27. Nb3 Qf6 28.
Ne3 Rg5 29. Qb2 Qxb2 30. Rxb2 Rd8 31. Nc1 Kf8 32. Kf1 Rg6 33. Nb3 Rg5 34. Nc1
Ke7 35. Ke2 Rg6 36. Nb3 Rc8 37. a5 Rf6 38. Rd2 h5 39. a6 Ba8 40. h4 Rff8 41. g3
Rfd8 42. Rxd8 Kxd8 43. Ng2 Kc7 44. Ke3 Kd6 45. Nf4 Rh8 46. Nd2 e5 47. Ng2 Rf8
48. Ne1 Ke6 49. Nb3 Kf5 50. Na1 Rd8 51. Nb3 Rd1 52. Ke2 Rd8 53. Ke3 Kg4 54. Ke2
Kh3 55. Na1 Rd4 56. Nb3 Rxc4 57. Na5 Rb4 58. Nc6 Bxc6 59. bxc6 Rb6 60. c7 Rc6
61. Ke3 Rxc7 62. Kxe4 c4 63. Nc2 Kg2 64. f4 Kxg3 65. fxe5 Kxh4 66. Kd5 Kg5 67.
Kd6 Rc8 68. Kd7 Rc5 69. e6 Re5 70. e7 h4 71. e8=Q Rxe8 72. Kxe8 h3 73. Nd4 c3
74. Kd7 h2 75. Nf3+ Kf4 76. Nxh2 c2 77. Kc7 c1=Q+ 78. Kb7 Qh1+ 79. Kxa7 Qxh2 80.
Kb7 Ke5 81. a7 Qb2+ 82. Ka8 Qd4 83. Kb8 Qb6+ 84. Ka8 Qc6+ 85. Kb8 Kd6 86. a8=Q
Qc7# {White checkmated} 0-1

[Event "Team 45 45 League T43"]
[Site "Internet Chess Club"]
[Date "2009.11.18"]
[Round "3"]
[White "HumanTornado"]
[Black "upsan"]
[Result "1/2-1/2"]
[WhiteElo "1953"]
[BlackElo "1755"]
[Opening "Réti opening"]
[ECO "A13"]
[Time "21:00:11"]
[TimeControl "2700+45"]

1. Nf3 e6 2. c4 f5 3. d4 c6 4. Nc3 d5 5. g3 Nf6 6. Bg2 Bd6 7. Qb3 O-O 8. O-O Ne4
9. cxd5 Nxc3 10. bxc3 exd5 11. c4 dxc4 12. Qxc4+ Kh8 13. Ng5 Qe8 14. d5 h6 15.
Nf3 cxd5 16. Qxd5 Qc6 17. Qb3 Qd7 18. Rd1 Qe7 19. Rxd6 Qxd6 20. Ba3 Qf6 21. Rd1
Re8 22. Bb2 Qe7 23. Ne5 Kh7 24. Qd3 Na6 25. g4 Nc5 26. Qb1 Qg5 27. h3 Be6 28.
Nf3 Qg6 29. Nh4 Qf7 30. Nxf5 Bxf5 31. gxf5 Rxe2 32. Bd5 Rxb2 33. Qxb2 Qxf5 34.
Qd4 Rc8 35. Qe3 b6 36. a4 Rf8 37. a5 Qf4 38. axb6 Qxe3 39. fxe3 axb6 40. e4 g5
41. Rb1 Rf6 42. e5 Rf5 43. Rxb6 Rxe5 44. Ba2 Kg7 45. Kf2 Nd3+ 46. Kf3 Re7 47.
Bb1 Nf4 48. h4 Re3+ 49. Kg4 Re5 50. hxg5 hxg5 {Game drawn by mutual agreement}
1/2-1/2

[Event "Team 45 45 League T43"]
[Site "Internet Chess Club"]
[Date "2009.11.14"]
[Round "3"]
[White "qs16"]
[Black "Constrictor"]
[Result "1-0"]
[WhiteElo "1868"]
[BlackElo "1835"]
[Opening "Dutch"]
[ECO "A80"]
[Time "11:00:32"]
[TimeControl "2700+45"]

1. d4 f5 2. Nd2 Nf6 3. e3 g6 4. Bd3 Bg7 5. Ngf3 d6 6. c4 O-O 7. Qb3 e6 8. O-O
Nc6 9. Re1 d5 10. h3 b6 11. cxd5 Nxd5 12. Nc4 Ba6 13. a3 Bxc4 14. Qxc4 Na5 15.
Qc2 c5 16. Bd2 Nb7 17. Rac1 Rc8 18. Ba6 Rc7 19. Bc4 Nd6 20. Bxd5 exd5 21. dxc5
Rxc5 22. Qb3 Rxc1 23. Rxc1 Nc4 24. Bc3 Bxc3 25. Rxc3 Qe7 26. Qc2 Rd8 27. Qc1 Qe4
28. b3 Ne5 29. Ng5 Qh4 30. Ne6 Rd7 31. Rc8+ Kf7 32. Nd4 Nd3 33. Qd2 Nc5 34. b4
Ne6 35. Nf3 Qf6 36. Qc2 d4 37. Qc6 Ke7 38. Nxd4 Nxd4 39. Re8+ Kxe8 40. Qxf6 Ne2+
41. Kh2 Re7 42. h4 Nc1 43. g3 Nd3 44. Kg2 Ne5 45. h5 Ng4 46. Qg5 Kf7 47. hxg6+
hxg6 48. Qh4 Re4 49. Qh7+ Kf6 50. Qxa7 Re6 51. a4 {Black resigns} 1-0

[Event "Team 45 45 League T43"]
[Site "Internet Chess Club"]
[Date "2009.11.16"]
[Round "3"]
[White "ghostfire"]
[Black "oldsj"]
[Result "1-0"]
[WhiteElo "1805"]
[BlackElo "1605"]
[Opening "King's Indian: orthodox, Aronin-Taimanov variation (Yugoslav attack / Mar del Plata variation)"]
[ECO "E97"]
[Time "13:00:37"]
[TimeControl "2700+45"]

1. d4 Nf6 2. c4 g6 3. Nc3 Bg7 4. e4 d6 5. Nf3 O-O 6. Be2 e5 7. O-O Nc6 8. d5 Ne7
9. h3 Nh5 10. Bg5 h6 11. Bd2 f5 12. exf5 gxf5 13. Nxe5 Nf6 14. Nd3 Ng6 15. Nf4
Nxf4 16. Bxf4 Ne4 17. Nxe4 fxe4 18. Bc1 Qe8 19. Bh5 Qe5 20. Bg4 Rf6 21. Bxc8
Rxc8 22. Qg4 Rcf8 23. Rb1 h5 24. Qe2 Rg6 25. Re1 Qf5 26. Kf1 Bd4 27. Be3 Qe5 28.
Bxd4 Qh2 29. Qxe4 Rg3 30. Ke2 Rxg2 31. Qe6+ Rf7 32. Rf1 {Black resigns} 1-0

[Event "Team 45 45 League T43"]
[Site "Internet Chess Club"]
[Date "2009.11.14"]
[Round "3"]
[White "rom1"]
[Black "Monsieur"]
[Result "0-1"]
[WhiteElo "1575"]
[BlackElo "1637"]
[Opening "Queen's gambit accepted"]
[ECO "D20"]
[Time "11:00:18"]
[TimeControl "2700+45"]

1. d4 d5 2. c4 dxc4 3. Nc3 e5 4. d5 c6 5. e4 Nf6 6. Bxc4 Bb4 7. Qc2 cxd5 8. exd5
Nxd5 9. Ne2 O-O 10. O-O Nxc3 11. Nxc3 Nc6 12. Be3 Qf6 13. Ne4 Qg6 14. Bd3 f5 15.
a3 Ba5 16. Nc5 e4 17. Bc4+ Kh8 18. b4 Bc7 19. Bd5 Qh5 20. h3 f4 21. Bxc6 bxc6
22. Bd4 Bxh3 23. gxh3 f3 24. Qxe4 Qxh3 25. Bxg7+ Kxg7 26. Qe7+ Kh8 27. Qg5
{White resigns} 0-1

[Event "Team 45 45 League T43"]
[Site "Internet Chess Club"]
[Date "2009.11.14"]
[Round "3"]
[White "ddlj81"]
[Black "MRX"]
[Result "1-0"]
[WhiteElo "1860"]
[BlackElo "1653"]
[Opening "Sicilian: dragon, Yugoslav attack, Rauser variation"]
[ECO "B76"]
[Time "13:02:20"]
[TimeControl "2700+45"]

1. e4 c5 2. Nf3 d6 3. d4 cxd4 4. Nxd4 Nf6 5. Nc3 g6 6. Be3 Bg7 7. f3 O-O 8. Qd2
Nc6 9. O-O-O d5 10. exd5 Nxd5 11. Nxc6 bxc6 12. Nxd5 cxd5 13. Qxd5 Qc7 14. Qc5
Qb7 15. Qa3 Bf5 16. Ba6 Qc7 17. Qc5 Qb6 18. Qxb6 axb6 19. Bc4 Rfc8 20. Bb3 Rxa2
21. Rd8+ Rxd8 22. Bxa2 h5 23. c3 Ra8 24. Bb1 Ra2 25. Bxa2 b5 26. Rd1 Bf6 27.
Rd8+ Kg7 28. Bd4 e5 29. Bb6 Bxd8 30. Bxd8 e4 31. fxe4 Bxe4 32. g3 f6 33. Kd2 g5
34. Ke3 Bc6 35. Be6 Kg6 36. b3 f5 37. c4 bxc4 38. bxc4 h4 39. gxh4 f4+ 40. Kf2
gxh4 41. Bxh4 Kh5 42. Be7 Kg6 43. h4 Kh5 44. Bg5 Kg6 45. Bxf4 Kh5 46. Bg5 Kg6
47. Kg3 Kh5 48. Bf7# {Black checkmated} 1-0

[Event "Team 45 45 League T43"]
[Site "Internet Chess Club"]
[Date "2009.11.14"]
[Round "3"]
[White "rolanding90"]
[Black "Qualm"]
[Result "1-0"]
[WhiteElo "1777"]
[BlackElo "1835"]
[Opening "QGD Slav/Grünfeld: Schlechter variation"]
[ECO "D15"]
[Time "08:00:36"]
[TimeControl "2700+45"]

1. d4 d5 2. c4 c6 3. Nf3 Nf6 4. Nc3 g6 5. Bf4 Bg7 6. h3 O-O 7. e3 Nbd7 8. Bd3
dxc4 9. Bxc4 c5 10. O-O cxd4 11. exd4 Nb6 12. Bb3 Nbd5 13. Bh2 Be6 14. Rc1 Nxc3
15. Rxc3 Bxb3 16. Qxb3 b6 17. Rc7 Nd5 18. Rb7 Bh6 19. Ne5 e6 20. Qf3 f6 21. Nc4
Rf7 22. Rxf7 Kxf7 23. Re1 Qd7 24. Ne5+ {Black resigns} 1-0

[Event "Team 45 45 League T43"]
[Site "Internet Chess Club"]
[Date "2009.11.14"]
[Round "3"]
[White "Kallistos"]
[Black "Theodulf"]
[Result "1-0"]
[WhiteElo "1705"]
[BlackElo "1645"]
[Opening "KGA: Abbazia defense, modern variation"]
[ECO "C36"]
[Time "11:35:08"]
[TimeControl "2700+45"]

1. e4 e5 2. f4 exf4 3. Nf3 d5 4. exd5 Nf6 5. c4 c6 6. dxc6 Nxc6 7. d4 Bb4+ 8.
Nc3 O-O 9. Be2 Ne4 10. Bd2 Nxd2 11. Qxd2 Re8 12. O-O Bg4 13. d5 Qb6+ 14. Kh1
Bxf3 15. Bxf3 Nd4 16. Qxf4 Bd6 17. Qd2 Rac8 18. Qd3 Nxf3 19. Qxf3 Qc7 20. Nb5
Qb8 21. Nxd6 Qxd6 22. Qxf7+ Kh8 23. b3 Rf8 24. Qe6 Qa3 25. d6 Qxa2 26. Qxc8
{Black resigns} 1-0

[Event "Team 45 45 League T43"]
[Site "Internet Chess Club"]
[Date "2009.11.16"]
[Round "3"]
[White "BotanicalKnight"]
[Black "jacknor"]
[Result "1-0"]
[WhiteElo "1568"]
[BlackElo "1566"]
[Opening "Sicilian: closed"]
[ECO "B24"]
[Time "19:08:08"]
[TimeControl "2700+45"]

1. e4 c5 2. Nc3 g6 3. g3 Bg7 4. Bg2 Nc6 5. d3 Nh6 6. f4 d6 7. Nf3 O-O 8. O-O Nd4
9. Ne2 Nxf3+ 10. Bxf3 Rb8 11. Qe1 f5 12. Kg2 e5 13. h3 fxe4 14. Bxe4 exf4 15.
Bxf4 g5 16. Bc1 d5 17. Rxf8+ Kxf8 18. Bxh7 Qf6 19. Be3 b6 20. Qd2 Nf7 21. Rf1
Qh6 22. Bf5 Bxf5 23. Rxf5 Qe6 24. Rf3 Re8 25. Kf2 Qxh3 26. Ng1 Qh2+ 27. Kf1 g4
28. Qxh2 gxf3 29. Qf2 Bxb2 30. Qxf3 d4 31. Bh6+ Ke7 32. Qe4+ Kd8 33. Qd5+ Ke7
34. Bf4 Bc3 35. Nf3 Kf6 36. Bg5+ Kg6 37. Nh4+ Kg7 38. Nf5+ Kg8 39. Nd6 Re1+ 40.
Kg2 Re2+ 41. Kh3 Rf2 42. Bf4 {Black resigns} 1-0

[Event "Team 45 45 League T43"]
[Site "Internet Chess Club"]
[Date "2009.11.12"]
[Round "3"]
[White "BishopMike"]
[Black "The-Capitalist"]
[Result "0-1"]
[WhiteElo "1476"]
[BlackElo "1348"]
[Opening "Caro-Kann: advance variation"]
[ECO "B12"]
[Time "21:00:29"]
[TimeControl "2700+45"]

1. e4 c6 2. d4 d5 3. e5 Bf5 4. Nc3 e6 5. Nf3 c5 6. Bb5+ Nc6 7. O-O a6 8. Bxc6+
bxc6 9. Bg5 Be7 10. h4 Bxg5 11. Nxg5 Rb8 12. dxc5 Rxb2 13. Na4 Rb4 14. Nb6 Rxh4
15. Nf3 Bg4 16. Qd3 Bxf3 17. Qxf3 Ne7 18. g4 Ng6 19. Qg3 Qg5 20. f3 Qe3+ 21. Kg2
Nf4+ 22. Qxf4 Qxf4 23. Rh1 Rxh1 24. Rxh1 Qxe5 25. Nc8 O-O 26. Nd6 Qe2+ 27. Kg3
Qxc2 28. g5 Qxc5 29. Nb7 Qa3 30. Rh2 Rb8 31. g6 fxg6 {White resigns} 0-1

[Event "Team 45 45 League T43"]
[Site "Internet Chess Club"]
[Date "2009.11.14"]
[Round "3"]
[White "KingOfHearts"]
[Black "katabatico"]
[Result "1-0"]
[WhiteElo "1274"]
[BlackElo "1291"]
[Opening "Ruy Lopez: Anderssen variation"]
[ECO "C77"]
[Time "16:00:25"]
[TimeControl "2700+45"]

1. e4 e5 2. Nf3 Nc6 3. Bb5 a6 4. Ba4 Nf6 5. d3 Be7 6. Nc3 b5 7. Bb3 O-O 8. a3 h6
9. O-O d6 10. h3 Bb7 11. Nh4 Nxe4 12. Nxe4 Bxh4 13. f4 Ne7 14. Qg4 Bxe4 15. dxe4
exf4 16. Qxh4 Ng6 17. Qg4 Qf6 18. Bxf4 Qd4+ 19. Kh1 Qxe4 20. Rae1 Ne5 21. Rxe4
Nxg4 22. hxg4 g5 23. Bd2 c5 24. c4 Rad8 25. Rfe1 bxc4 26. Rxc4 Rfe8 27. Rxe8+
Rxe8 28. Ra4 Re2 29. Bc3 Re3 30. Rxa6 {Black resigns} 1-0

[Event "Team 45 45 League T43"]
[Site "Internet Chess Club"]
[Date "2009.11.17"]
[Round "3"]
[White "Visin"]
[Black "kjs110"]
[Result "1-0"]
[WhiteElo "1262"]
[BlackElo "1117"]
[Opening "Caro-Kann: exchange variation"]
[ECO "B13"]
[Time "14:30:14"]
[TimeControl "2700+45"]

1. e4 c6 2. d4 d5 3. exd5 cxd5 4. Nf3 Bf5 5. Bb5+ Nc6 6. Bxc6+ bxc6 7. Bf4 e6 8.
O-O Nf6 9. Nc3 Be7 10. a3 O-O 11. Nh4 Bg4 12. Nf3 h6 13. h3 Bh5 14. Rc1 Qb6 15.
b4 Qa6 16. Ra1 Qc4 17. Qd2 g5 18. Ne5 Qa6 19. Bh2 Ne4 20. Nxe4 f6 21. Nd7 Rfd8
22. Ndc5 Bxc5 23. Nxc5 Qc4 24. Qd3 Be2 25. Qxc4 Bxc4 26. Rfe1 e5 27. dxe5 f5 28.
e6 f4 29. Nb7 Re8 30. Nd6 Re7 31. Nxc4 dxc4 32. Rad1 Rae8 33. Rd6 Rc7 34. g3 f3
35. Re3 g4 36. hxg4 Rf8 37. Rd7 Rcc8 38. e7 Rfe8 39. Rxf3 Ra8 40. Rf8+ Rxf8 41.
exf8=Q+ Rxf8 42. Rd4 Re8 43. Rxc4 Re1+ 44. Kg2 Re6 45. f4 Kg7 46. Kf3 Re1 47.
Kf2 Rd1 48. Re4 Rd2+ 49. Re2 Rd1 50. Bg1 Rc1 51. Kg2 Ra1 52. Bxa7 Rxa3 53. Bc5
Rc3 54. Kf2 Kf6 55. Re3 Rxc2+ 56. Kf3 Rc4 57. Rd3 Rc2 58. Rd6+ Kg7 59. Rxc6 Rc3+
60. Ke2 Rxg3 61. g5 h5 62. Bf2 Rg2 63. Rh6 Rh2 64. b5 h4 65. b6 {Black resigns}
1-0

[Event "Team 45 45 League T43"]
[Site "Internet Chess Club"]
[Date "2009.11.12"]
[Round "3"]
[White "SATELLITE-DAN"]
[Black "check-man"]
[Result "1/2-1/2"]
[WhiteElo "1535"]
[BlackElo "1512"]
[Opening "Sicilian: accelerated fianchetto, Maróczy bind, 6.Be3"]
[ECO "B38"]
[Time "20:15:37"]
[TimeControl "2700+45"]

1. e4 c5 2. Nf3 g6 3. d4 cxd4 4. Nxd4 Bg7 5. Be3 Nc6 6. c4 Nf6 7. Nc3 O-O 8. Be2
a6 9. O-O e6 10. Qd2 d5 11. cxd5 exd5 12. Nxc6 bxc6 13. Rfd1 Bb7 14. Bg5 h6 15.
Bxh6 Nxe4 16. Nxe4 dxe4 17. Qb4 Qc7 18. Bxg7 Kxg7 19. Qd4+ Kh7 20. Qxe4 c5 21.
Qc4 Rh8 22. Rd3 Kg7 23. Rg3 Rh7 24. Qc3+ f6 25. Bd3 Rh6 26. Qc2 Rah8 27. Bxg6
Qxg3 28. fxg3 Rxh2 29. Kf1 Bxg2+ 30. Kg1 Rh1+ 31. Kf2 R8h2 {Game drawn by mutual
agreement} 1/2-1/2

[Event "Team 45 45 League T43"]
[Site "Internet Chess Club"]
[Date "2009.11.16"]
[Round "3"]
[White "juniorVishy"]
[Black "kingphisch"]
[Result "1/2-1/2"]
[WhiteElo "1422"]
[BlackElo "1487"]
[Opening "QGD Slav: 4.Nc3"]
[ECO "D15"]
[Time "16:02:00"]
[TimeControl "2700+45"]

1. d4 d5 2. c4 c6 3. Nc3 Nf6 4. Nf3 Bf5 5. Bf4 e6 6. e3 Bd6 7. Bxd6 Qxd6 8. Bd3
Bxd3 9. Qxd3 Nbd7 10. O-O O-O 11. Ng5 h6 12. Nf3 a6 13. c5 Qc7 14. Rfe1 Rfe8 15.
Rab1 b5 16. a3 Rad8 17. b4 e5 18. dxe5 Nxe5 19. Nxe5 Qxe5 20. Qd4 Qh5 21. Qf4
Re5 22. Ne2 Ne4 23. Ng3 Nxg3 24. Qxg3 Rde8 25. h3 Rg5 26. Qh2 {Game drawn by
mutual agreement} 1/2-1/2

[Event "Team 45 45 League T43"]
[Site "Internet Chess Club"]
[Date "2009.11.15"]
[Round "3"]
[White "baseball613"]
[Black "otib2006"]
[Result "1-0"]
[WhiteElo "1315"]
[BlackElo "1160"]
[Opening "King's Indian: London system"]
[ECO "A48"]
[Time "08:00:21"]
[TimeControl "2700+45"]

1. d4 Nf6 2. Nf3 g6 3. Bf4 Bg7 4. e3 O-O 5. h3 d6 6. c3 Nbd7 7. Be2 b6 8. Nbd2
Bb7 9. O-O Nd5 10. Bh2 e5 11. e4 Ne7 12. d5 f5 13. c4 fxe4 14. Nxe4 Nf6 15. Nfg5
Nxe4 16. Nxe4 Nf5 17. Rc1 c6 18. Re1 cxd5 19. cxd5 Nd4 20. Bc4 a6 21. a4 b5 22.
axb5 axb5 23. Bb3 Qb6 24. Re3 Bh6 25. Qg4 Bxe3 26. fxe3 Nxb3 27. Qe6+ Rf7 28.
Rf1 Qxe3+ 29. Kh1 Ra1 30. Rxa1 Nxa1 31. Nxd6 Qe1+ 32. Bg1 Bxd5 33. Qxd5 Kg7 34.
Qxf7+ Kh6 35. Nxb5 Qb4 36. Be3+ Kh5 37. Qf3+ Kh4 38. g3+ Kxh3 39. Qg2+ Kg4 40.
Qe2+ Kh3 41. Qf1+ Kg4 42. Qxa1 Qxb5 43. Kg2 Qe2+ 44. Bf2 Qf3+ 45. Kg1 e4 46. Qe1
h5 47. Kf1 g5 48. Qe2 Kf5 49. Qxf3+ exf3 50. b4 Ke6 51. b5 Kd7 52. b6 Kc6 53.
Ke1 h4 54. gxh4 gxh4 55. Kf1 h3 56. Kg1 Kb7 57. Kh2 Kc6 58. Kxh3 Kb7 59. Kg3 Kc6
60. Kxf3 Kb7 61. Ke4 Kc6 62. Bc5 Kb7 63. Kd4 Kc6 64. Kc4 Kb7 65. Kb5 Kb8 66. Ka6
Ka8 67. b7+ Kb8 68. Bd6# {Black checkmated} 1-0

[Event "Team 45 45 League T43"]
[Site "Internet Chess Club"]
[Date "2009.11.15"]
[Round "3"]
[White "Zohan"]
[Black "abescac"]
[Result "0-1"]
[WhiteElo "1347"]
[BlackElo "1477"]
[Opening "Caro-Kann: exchange variation"]
[ECO "B13"]
[Time "15:00:18"]
[TimeControl "2700+45"]

1. e4 c6 2. d4 d5 3. exd5 cxd5 4. Bd3 Nc6 5. Nf3 Bg4 6. c3 e6 7. Bf4 Bd6 8. Bxd6
Qxd6 9. O-O Nf6 10. Nbd2 O-O 11. Qc2 Bxf3 12. Nxf3 Rfc8 13. a3 a6 14. Ng5 Nxd4
15. Qb1 Nb3 16. Qc2 Nxa1 17. Rxa1 g6 18. Qd2 Qe7 19. Nf3 Kg7 20. Re1 Rd8 21. Qg5
Qd6 22. Qh4 Rac8 23. Qd4 Qc5 24. Qe5 d4 25. Nxd4 Qxe5 26. Rxe5 b5 27. Bc2 Rxd4
28. cxd4 Rxc2 29. g3 Rxb2 30. Kg2 Nd5 {White resigns} 0-1

[Event "Team 45 45 League T43"]
[Site "Internet Chess Club"]
[Date "2009.11.14"]
[Round "3"]
[White "MCJR"]
[Black "houseofcook"]
[Result "1/2-1/2"]
[WhiteElo "1372"]
[BlackElo "1526"]
[Opening "Queen's bishop game"]
[ECO "D02"]
[Time "15:00:13"]
[TimeControl "2700+45"]

1. d4 Nf6 2. Nf3 d5 3. Bf4 e6 4. e3 c5 5. c3 Nc6 6. Nbd2 Bd6 7. Ne5 Qc7 8. Ndf3
Nd7 9. Nxd7 Bxd7 10. Bxd6 Qxd6 11. Bd3 c4 12. Bc2 e5 13. dxe5 Nxe5 14. O-O O-O
15. Nxe5 Qxe5 16. Qf3 Bc6 17. Qh3 h6 18. Rfe1 Rfe8 19. Rad1 Rad8 20. Rd4 Qf6 21.
Rf4 Qg5 22. Rd4 Qf6 23. Qg3 Qd6 24. Qf3 Re6 25. Qf5 g6 26. Qh3 h5 27. Bd1 Re4
28. Bxh5 gxh5 29. Qxh5 Qg6 30. Qf3 Rde8 31. Red1 Rxd4 32. Rxd4 Re4 33. h3 Rxd4
34. exd4 Kg7 35. Qf4 Bd7 36. Qe5+ Qf6 37. Qg3+ Qg6 38. Qxg6+ fxg6 39. g4 b5 40.
a3 Kf6 41. Kg2 Kg5 42. Kg3 Kf6 43. f4 a5 44. Kh4 Be8 45. g5+ Kf5 46. Kg3 Bf7 47.
h4 Be8 48. Kf3 Bd7 49. Kg3 {Game drawn by mutual agreement} 1/2-1/2